 Zot Defence DCSS version 0.15.2 (webtiles) character file.

1677 blackwizard the Caller (level 8, -16/78 HPs)
             Began as a Troll Summoner on May 26, 2017.
             Killed by the air
             ... invoked by a wind drake
              (25 damage)
             ... in the Realm of Zot (Scenario V: Glassed Sandwich).
             The game lasted 00:14:56 (1932 turns).

blackwizard the Caller (Troll Summoner)             Turns: 1932, Time: 00:14:56

HP -16/78        AC  5     Str 19      XL: 8   Next: 70%
MP   1/11        EV 11     Int 11      God:
Gold 0           SH  0     Dex 10      Spells:  2 memorised,  8 levels left

rFire  . . .     SeeInvis .     k - -1 mace (curse)
rCold  . . .     Clarity  .     a - +0 robe
rNeg   . . .     rCorr    .     (shield restricted)
rPois  .         rRot     .     (helmet restricted)
rElec  .         Spirit   .     (no cloak)
SustAb .         Warding  .     (gloves unavailable)
rMut   .         Stasis   .     (boots unavailable)
Gourm  +                        (no amulet)
MR     .....                    (no ring)
                                (no ring)

@: very slightly contaminated, not resistant to hostile enchantments, very
unstealthy
A: unfitting armour, claws 3, fast metabolism 3, gourmand, regeneration 2,
saprovore 2, shaggy fur 1, tough skin 2, placid magic 1
a: Make oklob sapling, Make arrow trap, Make plant, Remove Curse, Make burning
bush, Make altar, Make grenades, Make oklob plant, Make net trap


You were in the Realm of Zot.
You were not hungry.

You visited 1 branch

Inventory:

Hand weapons
 k - a cursed -1 mace (weapon)
 l - a +0 mace
Missiles
 j - a tomahawk of returning (quivered)
Armour
 a - a +0 robe (worn)
 m - a +0 robe
Comestibles
 d - 2 meat rations
Scrolls
 i - a scroll of blinking
Potions
 c - 3 potions of curing
 e - a potion of heal wounds
 f - a potion of haste
 g - 2 potions of magic
 h - a potion of berserk rage
Books
 b - a book of Callings

   Spells                             Type                      Level
   *Summon Small Mammal               Summoning                    1
   Call Imp                           Summoning                    2
   Call Canine Familiar               Summoning                    3
   Summon Guardian Golem              Hexes/Summoning              4
   *Summon Lightning Spire            Summoning/Air                4
   Summon Ice Beast                   Ice/Summoning                4


   Skills:
 + Level 3.7 Fighting
 + Level 4.2 Maces & Flails
 + Level 4.0 Dodging
 - Level 1.1 Stealth
 + Level 0.4 Unarmed Combat
 + Level 3.1 Spellcasting
 + Level 4.7 Summonings
 + Level 1.8 Air Magic


You had 8 spell levels left.
You knew the following spells:

 Your Spells              Type           Power        Failure   Level  Hunger
a - Summon Small Mammal   Summ           #...         1%          1    #......
b - Summon Lightning Spi  Summ/Air       #.......     56%         4    #####..


Dungeon Overview and Level Annotations

Branches:
    Zot (1/1)

Altars:

Annotations:
Zot Menkaure


Innate Abilities, Weirdness & Mutations

You are too large for most types of armour.
You have claws for hands.
Your metabolism is lightning-fast.
You like to eat raw meat.
You heal very quickly.
You can eat rotten meat.
You are covered in fur (AC +1).
You have very tough skin (AC +2).
Your spells are a little easier to cast, but a little less powerful.


Message History

The deep elf fighter blinks!
The deep elf fighter mumbles some strange words.
The deep elf fighter blinks!
The wind drake flaps its wings at something.
The air twists around and strikes you!
* * * LOW HITPOINT WARNING * * *
The hound pauses to sniff the ground.
Casting: Summon Lightning Spire
Confirm with . or Enter, or press ? or * to list all spells.
Aiming: Summon Lightning Spire
Press: ? - help, Dir - move target cursor You miscast Summon Lightning Spire.
You are caught in a localised spatial distortion.
* * * LOW HITPOINT WARNING * * *
The orange rat twitches its whiskers.
The deep elf fighter casts a spell.
The deep elf fighter blinks!
The wind drake flaps its wings at something.
The air twists around and strikes you!
You die...

▓..<................
▓...................
▓...................
▓▓▓▓▓▓▓▓▓▓▓▓▓▓▓▓▓▓▓▓
▓.........r.........
▓.........Z.........
▓.....§...s.........
▓.........ZDks......
▓..@......rYZOSK....
▓.........yBrYs.....
▓.....e..rZr▓▓▓▓▓▓▓▓
▓.......kMZSrgzlZh..


▓.....%%hkrrShrZs.KS ▓.....%hrySrotlor.gS ▓.....%yaabSZrbr.olo
▓...JehoZoKorFhb.lgr ▓....[(.oyZehgbSbhJr You could see a slime creature, 2 wind
drakes, a goliath beetle, a yak, a soldier ant, Musmot the wyvern, a deep elf
fighter, Isies the deep elf mage, Menkaure, 2 yellow wasps, 3 orange rats, 2
hounds, a killer bee, an orc wizard, a green rat, a worm zombie, a hobgoblin
zombie, a jackal, a giant cockroach, a rat, a mottled dragon skeleton and a
cyclops skeleton.

Vanquished Creatures
  2 black bears (Zot)
  Blork the orc (Zot)
  A giant frog (Zot)
  A yak zombie (Zot)
  A gnoll shaman (Zot)
  2 hounds (Zot)
  A worker ant (Zot)
  An adder (Zot)
  A gnoll (Zot)
  2 worms (Zot)
  A shadow imp (Zot)
  7 orcs (Zot)
  3 giant geckos (Zot)
  7 oozes (Zot)
  5 bats (Zot)
  A giant cockroach (Zot)
  A hobgoblin (Zot)
  5 quokkas (Zot)
  2 giant newts (Zot)
  A giant spore (Zot)
  4 goblins (Zot)
  7 jackals (Zot)
  3 kobolds (Zot)
  A kobold zombie (Zot)
  An orc zombie (Zot)
  2 quokka zombies (Zot)
  6 rats (Zot)
70 creatures vanquished.

Vanquished Creatures (collateral kills)
  A yak (Zot)
  An ogre (Zot)
  A giant frog (Zot)
  A wight (Zot)
  An iguana (Zot)
  An orange rat (Zot)
  A worker ant (Zot)
  A big kobold zombie (Zot)
  A mottled dragon skeleton (Zot)
  An ogre skeleton (Zot)
  An adder (Zot)
  2 oozes (Zot)
  A green rat zombie (Zot)
  A hobgoblin (Zot)
  5 jackals (Zot)
  3 kobolds (Zot)
  A quokka (Zot)
  A ball python (Zot)
  3 bats (Zot)
  3 goblins (Zot)
  A jackal skeleton (Zot)
  An orc skeleton (Zot)
  A rat (Zot)
34 creatures vanquished.

Vanquished Creatures (others)
  A big kobold (Zot)
  3 green rats (Zot)
  A giant gecko (Zot)
  4 lightning spires (Zot)
  A giant cockroach (Zot)
  A hobgoblin (Zot)
  A jackal (Zot)
  A kobold (Zot)
  21 bats (Zot)
  A giant cockroach zombie (Zot)
  A giant spore (Zot)
  A jackal skeleton (Zot)
  21 rats (Zot)
58 creatures vanquished.

Grand Total: 162 creatures vanquished

Notes
Turn   | Place    | Note
--------------------------------------------------------------
     0 | Zot      | blackwizard, the Troll Summoner, began the quest for the Orb.
     0 | Zot      | Reached XP level 1. HP: 16/16 MP: 2/2
   284 | Zot      | Reached skill level 3 in Summonings
   320 | Zot      | Reached XP level 2. HP: 24/24 MP: 1/2
   370 | Zot      | Reached XP level 3. HP: 31/31 MP: 3/3
   533 | Zot      | Reached XP level 4. HP: 37/40 MP: 2/4
   546 | Zot      | Noticed Briodose
   595 | Zot      | Reached skill level 1 in Fighting
   860 | Zot      | Noticed Isies
   880 | Zot      | HP: 1/41 [Isies the deep elf mage/stone arrow (25)]
   946 | Zot      | Noticed a big kobold
   959 | Zot      | Noticed Igeugoi
   998 | Zot      | Reached XP level 5. HP: 48/48 MP: 4/4
  1036 | Zot      | Noticed Juen
  1089 | Zot      | Reached skill level 4 in Summonings
  1124 | Zot      | Noticed an ogre
  1138 | Zot      | Noticed an ogre
  1185 | Zot      | Reached XP level 6. HP: 41/55 MP: 5/7
  1203 | Zot      | Learned a level 4 spell: Summon Lightning Spire
  1254 | Zot      | Noticed Blork the orc
  1263 | Zot      | Reached skill level 1 in Maces & Flails
  1405 | Zot      | Reached XP level 7. HP: 65/65 MP: 4/8
  1493 | Zot      | Gained mutation: Your spells are a little easier to cast, but a little less powerful. [mutagenic glow]
  1529 | Zot      | Noticed a yak
  1543 | Zot      | Killed a yak
  1561 | Zot      | Noticed a yak
  1637 | Zot      | Noticed Musmot
  1716 | Zot      | Noticed a deep elf fighter
  1752 | Zot      | Killed Blork the orc
  1752 | Zot      | Reached XP level 8. HP: 75/75 MP: 7/9
  1776 | Zot      | Noticed Menkaure
  1802 | Zot      | Reached skill level 1 in Air Magic
  1880 | Zot      | Killed an ogre
  1906 | Zot      | Noticed a wind drake
  1913 | Zot      | Noticed a slime creature
  1913 | Zot      | Noticed a wind drake
  1932 | Zot      | Killed from afar by a wind drake

Action                   |  1- 3 |  4- 6 |  7- 9 || total
-------------------------+-------+-------+-------++-------
Melee: Unarmed           |    85 |    17 |       ||   102
       Mace              |       |   215 |   126 ||   341
 Cast: Summon Small Mamm |     9 |    37 |       ||    46
       Summon Lightning  |       |       |     5 ||     5
